 Dungeon Crawl Stone Soup version 0.17.1-3-g152610e (webtiles) character file.

72 Gargoyl the Skirmisher (level 4, 0/38 HPs)
             Began as a Demonspawn Abyssal Knight on Mar 6, 2016.
             Was a Believer of Lugonu.
             Slain by a quokka (2 damage)
             ... on level 3 of the Dungeon.
             The game lasted 00:04:06 (2653 turns).

Gargoyl the Skirmisher (Demonspawn Abyssal Knight)  Turns: 2653, Time: 00:04:06

Health: 0/38       AC: 18    Str: 13    XL:     4   Next: 6%
Magic:  6/6        EV:  3    Int: 13    God:    Lugonu [**....]
Gold:   108        SH:  0    Dex: 13    Spells: 0 memorised, 3 levels left

rFire  . . .     SeeInvis .     a - +1 hand axe
rCold  . . .     Clarity  .     o - +0 plate armour
rNeg   + . .     SustAt   .     (no shield)
rPois  .         Gourm    .     u - +0 helmet
rElec  .         Spirit   .     f - +0 cloak
rCorr  .         Warding  +     j - +0 pair of gloves
rMut   .         Stasis   .     (no boots)
MR     .....                    e - amulet of warding
Stlth  ..........               k - +3 ring of protection
                                (no ring)

@: lethally poisoned (0 -> -47), hasted, very quick, not resistant to hostile
enchantments, extremely unstealthy
A: rugged brown scales 1, nightstalker 1
a: Depart the Abyss, Bend Space, Renounce Religion


You were on level 3 of the Dungeon.
You worshipped Lugonu.
Lugonu was pleased with you.
You were not hungry.

You visited 1 branch of the dungeon, and saw 3 of its levels.
You visited the Abyss 1 time.

You collected 108 gold pieces.

Inventory:

Hand Weapons
 a - a +1 hand axe (weapon)
Armour
 f - a +0 cloak (worn)
 j - a +0 pair of gloves (worn)
 o - a +0 plate armour (worn)
 u - a +0 helmet (worn)
Jewellery
 e - an amulet of warding (around neck)
 k - a +3 ring of protection (right hand)
Wands
 g - a wand of invisibility (6)
Scrolls
 d - 4 scrolls of remove curse
 l - 2 scrolls of identify {unknown}
 m - a scroll of amnesia
 q - a scroll of blinking {unknown}
Potions
 b - a potion of heal wounds {unknown}
 h - a potion of haste
 i - a potion of ambrosia {unknown}
 n - 4 potions of brilliance {unknown}
 r - a potion of curing {unknown}
 s - a potion of agility {unknown}
 t - 2 potions of lignification {unknown}
 v - a potion of flight {unknown}
Comestibles
 c - 4 bread rations
 p - 2 meat rations


   Skills:
 + Level 3.9 Fighting
 + Level 2.1 Axes
 + Level 2.2 Armour
 + Level 1.2 Dodging
 + Level 0.2 Stealth
 + Level 3.4 Invocations


You had 3 spell levels left.
You didn't know any spells.

Dungeon Overview and Level Annotations

Branches:
Dungeon (3/15)

Altars:


Innate Abilities, Weirdness & Mutations

You are partially covered in rugged brown scales (AC +1, +3% HP).
You are slightly more attuned to the shadows.


Message History

You feel very sick.
The goblin hits you with a dagger of venom.
* * * LOW HITPOINT WARNING * * *
You are more poisoned.
The quokka bites you but does no damage.
You hit the goblin.
You kill the goblin!
Lugonu accepts your kill.
You closely miss the quokka.
* * * LOW HITPOINT WARNING * * *
You feel very sick.
The quokka bites you but does no damage.
Unknown command.
Drink which item? (? for menu, Esc to quit)
It was a potion of haste.
You feel yourself speed up.
* * * LOW HITPOINT WARNING * * *
You feel very sick.
The quokka bites you but does no damage.
The quokka bites you.
You die...

#. # ### #. #. #.#..
#.##.
#.#.############ .
#....
......#.......###..
#....
####.##.#.###........
#....
#...........#........
#....
#.##.##.###.#........
#.... #.##.##.#
#.'@r...... #....
#.##.##.# ###).......
#.... #.##.##.#
#........ ###....
#.##.##.# #........
....... #.##[##.#
#........ .......
#.##.##.# #........
.......
#.##.##.#####........
....... #..........#
......> ##########.#
#####'


You could see a quokka.

Vanquished Creatures
  3 adders
  An ooze (D:1)
  A worm (D:2)
  A giant gecko (D:1)
  A ball python (D:2)
  2 giant cockroaches (D:3)
  6 goblins
  4 hobgoblins
  5 kobolds
  4 bats
  4 giant newts
  3 jackals (D:3)
  5 rats
40 creatures vanquished.

Notes
Turn   | Place    | Note
--------------------------------------------------------------
     0 | Abyss:1  | Gargoyl the Demonspawn Abyssal Knight began the quest for the Orb.
     0 | Abyss:1  | Reached XP level 1. HP: 18/18 MP: 2/2
   115 | Abyss:1  | Noticed an efreet
   204 | Abyss:2  | Noticed a bone dragon
   204 | D:1      | Escaped the Abyss
   245 | D:1      | Reached * piety under Lugonu
   335 | D:1      | Reached skill level 1 in Dodging
   587 | D:1      | Gained mutation: You are partially covered in rugged brown scales (AC +1, +3% HP). [demonic ancestry]
   587 | D:1      | Reached XP level 2. HP: 15/24 MP: 4/4
   854 | D:1      | Gained mutation: You are slightly more attuned to the shadows. [demonic ancestry]
   854 | D:1      | Reached XP level 3. HP: 29/29 MP: 5/5
  2194 | D:3      | Reached XP level 4. HP: 22/38 MP: 6/6
  2620 | D:3      | Reached ** piety under Lugonu
  2653 | D:3      | Slain by a quokka

Action                   |  1- 3 |  4- 6 || total
-------------------------+-------+-------++-------
Melee: Hand axe          |   127 |    18 ||   145
Invok: Depart the Abyss  |     1 |       ||     1
  Use: Scroll            |     2 |       ||     2
       Potion            |       |     1 ||     1
  Eat: Chunk             |     4 |     2 ||     6
